 Dungeon Crawl Stone Soup version 0.28-a0-1038-g9c4cb82 (webtiles) character file.

Game seed: 10138368747964122385

19994 HDogLeCool the Blocker (level 12, -3/145 HPs)
             Began as a Gnoll Fighter on Dec 7, 2021.
             Was a Priest of the Shining One.
             Succumbed to a minotaur's poison
             ... in a Gauntlet on Dec 8, 2021.
             The game lasted 00:39:25 (15005 turns).

HDogLeCool the Blocker (Gnoll Fighter)             Turns: 15005, Time: 00:39:26

Health: -3/145     AC: 16    Str: 18    XL:     12   Next: 74%
Magic:  1/32       EV: 17    Int: 11    God:    the Shining One [***...]
Gold:   611        SH: 16    Dex: 11    Spells: 22/26 levels left

rFire   + . .      SeeInvis .   t - +5 rapier (venom)
rCold   . . .      Faith    .   c - +0 buckler
rNeg    + . .      Spirit   +   i - +3 ring mail {rF+}
rPois   .          Reflect  .   (no helmet)
rElec   .          Harm     .   y - +1 cloak
rCorr   .          Rampage  .   h - +0 pair of gloves
Will    .....      NoTele   +   S - +1 pair of boots
Stlth   ..........              o - amulet of guardian spirit
HPRegen 0.34/turn               f - +4 ring of evasion
MPRegen 0.23/turn               Z - ring "Xufu" {MP+9 Stlth+}

@: berserking, lethally poisoned (-3 -> -56), divinely shielded, glowing, very
quick
A: fangs 1, strong nose, distributed training
a: Renounce Religion, Divine Shield, Cleansing Flame


You were in a Gauntlet.
You worshipped the Shining One.
The Shining One was most pleased with you.
You visited 2 branches of the dungeon, and saw 13 of its levels.
You also visited: Gauntlet.

You collected 737 gold pieces.
You spent 126 gold pieces at shops.

Inventory:

Hand Weapons
 a - a +1 war axe
 d - a +0 hand axe of flaming
 g - a +2 vorpal long sword
 t - a +5 rapier of venom (weapon)
 E - a +4 scythe
 F - a +3 short sword of electrocution
 J - the +3 dagger of Turmoil {venom, rPois}
   (You bought it in a shop on level 7 of the Dungeon)

   It poisons the flesh of those it strikes.
   rPois:     It protects you from poison.
 T - a +0 broad axe of electrocution
 V - a +5 shortbow
Missiles
 n - 324 stones (quivered)
 w - 29 poisoned darts
 L - 6 throwing nets
 W - 61 arrows
Armour
 b - a +0 scale mail
 c - a +0 buckler (worn)
 h - a +0 pair of gloves (worn)
 i - a +3 ring mail of fire resistance (worn)
 l - a +0 pair of boots
 v - a +2 leather armour of cold resistance
 y - a +1 cloak (worn)
 S - a +1 pair of boots (worn)
 X - a +0 plate armour
Magical Staves
 p - a staff of air
Jewellery
 e - the amulet of Ocwiupt {Acrobat -Tele rPois rF+ Str+3 Int+3}
   (You found it in a Gauntlet)

   [amulet of the acrobat]

   It increases your evasion while moving and waiting.
   Str:       It affects your strength (+3).
   Int:       It affects your intelligence (+3).
   rF:        It protects you from fire.
   rPois:     It protects you from poison.
   -Tele:     It prevents most forms of teleportation.
 f - a +4 ring of evasion (left hand)
 o - an amulet of guardian spirit (around neck)
 Y - the ring "Heist" {*Slow Fly rPois Int+2}
   (You found it in a Gauntlet)

   [ring of flight]

   Int:       It affects your intelligence (+2).
   rPois:     It protects you from poison.
   Fly:       It grants you flight.
   *Slow:     It may slow you when you take damage.
 Z - the ring "Xufu" (right hand) {MP+9 Stlth+}
   (You found it in a Gauntlet)

   [ring of magical power]

   MP:        It affects your magic capacity (+9).
   Stlth:     It makes you more stealthy.
Wands
 j - a wand of paralysis (8)
 u - a wand of flame (25)
 z - a wand of iceblast (12)
 R - a wand of polymorph (4)
Scrolls
 A - 3 scrolls of teleportation
 G - 2 scrolls of blinking
 M - 2 scrolls of amnesia
 O - a scroll of enchant weapon
 P - 3 scrolls of fear
Potions
 k - a potion of berserk rage
 m - 5 potions of brilliance
 r - a potion of flight
 x - a potion of degeneration {unknown}
 B - 4 potions of attraction
 C - a potion of lignification
 D - a potion of magic {unknown}
 I - a potion of resistance {unknown}
 K - a potion of invisibility
 N - a potion of haste {unknown}
 Q - a potion of ambrosia {unknown}
 U - 3 potions of cancellation
Miscellaneous
 H - a tin of tremorstones (2/2)


   Skills:
 + Level 10.1 Fighting
 + Level 7.6 Short Blades
 + Level 7.6 Long Blades
 + Level 8.9 Axes
 + Level 7.6 Maces & Flails
 + Level 7.6 Polearms
 + Level 7.6 Staves
 + Level 7.6 Slings
 + Level 7.6 Bows
 + Level 7.6 Crossbows
 + Level 7.6 Throwing
 + Level 10.1 Armour
 + Level 7.6 Dodging
 + Level 7.6 Stealth
 + Level 10.1 Shields
 + Level 7.6 Unarmed Combat
 + Level 7.6 Spellcasting
 + Level 6.3 Conjurations
 + Level 6.3 Hexes
 + Level 6.3 Summonings
 + Level 6.3 Necromancy
 + Level 6.3 Translocations
 + Level 6.3 Transmutations
 + Level 6.3 Fire Magic
 + Level 6.3 Ice Magic
 + Level 6.3 Air Magic
 + Level 6.3 Earth Magic
 + Level 6.3 Poison Magic
 + Level 8.3 Invocations
 + Level 7.6 Evocations


You had 22 spell levels left.
You knew the following spells:

 Your Spells              Type           Power      Damage    Failure   Level
a - Magic Dart            Conj           72%        1d6       1%          1
b - Mephitic Cloud        Conj/Pois/Air  18%        N/A       6%          3

Your spell library contained the following spells:

 Spells                   Type           Power      Damage    Failure   Level
 Sandblast                Erth           36%        2d10      1%          1
 Call Imp                 Summ           18%        N/A       3%          2
 Passwall                 Tmut/Erth      15%        N/A       3%          2
 Ozocubu's Armour         Ice            18%        N/A       6%          3
 Stone Arrow              Conj/Erth      36%        3d9       6%          3
 Tukima's Dance           Hex            18%        N/A       6%          3
 Passage of Golubria      Tloc           18%        N/A       19%         4
 Metabolic Englaciation   Hex/Ice        9%         N/A       47%         5
 Yara's Violent Unravell  Hex/Tmut       9%         3d6       47%         5
 Conjure Ball Lightning   Conj/Air       9%         3x3d6     96%         6
 Simulacrum               Ice/Necr       9%         N/A       96%         6
 Discord                  Hex            9%         N/A       100%        8
 Disjunction              Tloc           9%         N/A       100%        8


Dungeon Overview and Level Annotations

Branches:
Dungeon (12/15)            Temple (0/1) D:5            Lair (1/6) D:10
    Orc (0/2) D:12        Gauntlet (1/1)

Altars:
Fedhas
Ru
The Shining One

Shops:
D:7 (

Annotations:
D:6 1 runed translucent door, ranthedark's ghost, novice HuFi Gauntlet 8 transporters, 2 runed translucent doors, exclusion: obsidian statue


Innate Abilities, Weirdness & Mutations

You have very sharp teeth.
Your uncanny sense of smell can sniff out nearby items.
Your experience applies equally to all skills.


Message History

Your shield is strengthened by the Shining One's divine power.
You block the minotaur's attack. x2
You puncture the minotaur! You bite the minotaur.
The minotaur is heavily wounded.
You block the minotaur's attack.
The minotaur gores you but does no damage.
You hit the minotaur but do no damage.
The minotaur looks as sick as possible!
You bite the minotaur, but do no damage.
The minotaur is heavily wounded.
You block the minotaur's attack. The minotaur completely misses you.
You completely miss the minotaur.
The minotaur furiously retaliates!
The minotaur headbutts you.
You bite the minotaur, but do no damage.
The minotaur is heavily wounded.
The minotaur hits you with a +1 trident of venom!
You are poisoned.
The minotaur closely misses you.
You feel better. You block the minotaur's attack. The minotaur gores you!
You puncture the minotaur!
The minotaur is almost dead.
You hit the minotaur but do no damage.
The minotaur is almost dead.
You block the minotaur's attack. x2
You hit the minotaur.
The minotaur looks as sick as possible!
The minotaur is almost dead.
The minotaur hits you with a +1 trident of venom!!
* * * LOW HITPOINT WARNING * * *
You are lethally poisoned!
The minotaur barely misses you.
A red film seems to cover your vision as you go berserk!
You feel yourself moving faster!
You feel mighty!
* * * LOW HITPOINT WARNING * * *
You feel extremely sick.
The minotaur hits you with a +1 trident of venom!
* * * LOW HITPOINT WARNING * * *
You are more poisoned.
The minotaur gores you but does no damage.
You hit the minotaur but do no damage.
The minotaur looks as sick as possible!
The minotaur is almost dead.
You die...

##...©.©.©...##
#.............#
#######.#######
#.............#
#.###########.#
#.# #.# ####
#.# ##⌠.⌠ #@#
...∆ #H##.#
#...H#
##.#.......
#.######## #..
####


You could see a minotaur (extremely poisoned).

Vanquished Creatures
  A boulder beetle (D:11)
  Harold (D:11)
  A ghost crab (Gauntlet)
  2 centaur warriors (D:11)
  A two-headed ogre (D:8)
  3 death scarabs (Gauntlet)
  Urug (D:11)
  Nergalle (D:11)
  An orc knight (D:11)
  A cyclops (D:11)
  An elephant (D:10)
  Maurice (D:11)
  A cane toad (Lair:1)
  2 trolls (D:10)
  A spectral black mamba (Gauntlet)
  6 slime creatures (D:12)
  Sigmund (D:4)
  A shadow (D:11)
  A wraith (D:12)
  Grum (D:11)
  14 yaks
  2 wyverns
  3 spectral komodo dragons (Gauntlet)
  2 steam dragons
  2 basilisks
  4 vampire mosquitoes (D:11)
  An acid dragon (D:11)
  Duvessa (D:5)
  5 water moccasins
  A meliai simulacrum (D:11)
  4 sky beasts
  6 orc warriors
  4 ice beasts
  2 ogres
  3 wolves (D:11)
  5 centaurs
  2 kobold brigands
  2 gnoll sergeants
  3 bullfrogs
  4 scorpions
  A wyvern skeleton (D:7)
  A water moccasin skeleton (D:2)
  3 killer bees (D:7)
  Dowan (D:5)
  A wight (D:10)
  3 howler monkeys
  2 jellies
  6 centaur zombies
  A bullfrog zombie (D:6)
  A bullfrog skeleton (D:4)
  3 hounds
  2 centaur skeletons (D:6)
  2 orc priests
  Ijyb (D:5)
  An iguana (D:3)
  7 orc wizards
  A scorpion zombie (D:3)
  A hound zombie (D:5)
  A hound skeleton (D:4)
  A howler monkey zombie (D:8)
  7 gnolls
  5 adders
  3 adder skeletons (D:4)
  2 worms (D:3)
  A dart slug (D:1)
  19 orcs
  4 endoplasms
  A giant cockroach (D:1)
  10 goblins
  8 hobgoblins
  A jackal (D:3)
  14 kobolds
  3 quokkas
  6 ball pythons
  6 bats
  A frilled lizard (D:3)
  4 rats
234 creatures vanquished.

Vanquished Creatures (others)
  3 kobolds (D:8)
3 creatures vanquished.

Grand Total: 237 creatures vanquished

Notes
Turn   | Place    | Note
-------+----------+-------------------------------------------
     0 | D:1      | HDogLeCool the Gnoll Fighter began the quest for the Orb.
     0 | D:1      | Reached XP level 1. HP: 23/23 MP: 1/1
    50 | D:1      | Found a faded altar of an unknown god.
    65 | D:1      | Prayed at the altar of an unknown god.
    65 | D:1      | Became a worshipper of the Shining One
    65 | D:1      | Reached * piety under the Shining One
   201 | D:1      | Reached XP level 2. HP: 29/29 MP: 2/2
   677 | D:1      | Reached XP level 3. HP: 35/35 MP: 3/3
  1029 | D:2      | Reached skill level 1 in Invocations
  1299 | D:2      | Reached skill level 1 in Short Blades
  1299 | D:2      | Reached skill level 1 in Long Blades
  1299 | D:2      | Reached skill level 1 in Maces & Flails
  1299 | D:2      | Reached skill level 1 in Polearms
  1299 | D:2      | Reached skill level 1 in Staves
  1299 | D:2      | Reached skill level 1 in Slings
  1299 | D:2      | Reached skill level 1 in Bows
  1299 | D:2      | Reached skill level 1 in Crossbows
  1299 | D:2      | Reached skill level 1 in Throwing
  1299 | D:2      | Reached skill level 1 in Dodging
  1299 | D:2      | Reached skill level 1 in Stealth
  1299 | D:2      | Reached skill level 1 in Unarmed Combat
  1299 | D:2      | Reached skill level 1 in Spellcasting
  1299 | D:2      | Reached skill level 1 in Evocations
  1299 | D:2      | Reached XP level 4. HP: 21/41 MP: 5/5
  1655 | D:2      | Reached skill level 1 in Conjurations
  1655 | D:2      | Reached skill level 1 in Hexes
  1655 | D:2      | Reached skill level 1 in Summonings
  1655 | D:2      | Reached skill level 1 in Necromancy
  1655 | D:2      | Reached skill level 1 in Translocations
  1655 | D:2      | Reached skill level 1 in Transmutations
  1655 | D:2      | Reached skill level 1 in Fire Magic
  1655 | D:2      | Reached skill level 1 in Ice Magic
  1655 | D:2      | Reached skill level 1 in Air Magic
  1655 | D:2      | Reached skill level 1 in Earth Magic
  1655 | D:2      | Reached skill level 1 in Poison Magic
  1789 | D:2      | Reached XP level 5. HP: 47/47 MP: 5/7
  2892 | D:4      | Reached ** piety under the Shining One
  2904 | D:4      | Reached XP level 6. HP: 52/53 MP: 8/8
  2931 | D:4      | Reached skill level 5 in Axes
  3043 | D:4      | Noticed an orc warrior
  3112 | D:3      | Killed an orc warrior
  3113 | D:3      | Upgraded the game from 0.28-a0-1033-g1a2f33f to
                  | 0.28-a0-1038-g9c4cb82
  3539 | D:4      | Reached XP level 7. HP: 58/59 MP: 10/10
  3541 | D:4      | Noticed Sigmund
  3562 | D:4      | Killed Sigmund
  4277 | D:5      | Entered Level 5 of the Dungeon
  4389 | D:5      | Reached XP level 8. HP: 67/67 MP: 12/12
  4443 | D:5      | Found a staircase to the Ecumenical Temple.
  5027 | D:5      | Noticed Ijyb
  5039 | D:5      | Killed Ijyb
  5135 | D:5      | Learned a level 1 spell: Magic Dart
  5378 | D:5      | Noticed Duvessa
  5378 | D:5      | Noticed Dowan
  5388 | D:5      | Killed Duvessa
  5396 | D:5      | Found a sacrificial altar of Ru.
  5399 | D:5      | Killed Dowan
  5703 | D:6      | Found a runed translucent door.
  5704 | D:6      | Noticed a boulder beetle
  5704 | D:6      | Noticed ranthedark's ghost (novice HuFi)
  5705 | D:6      | You fall into a shaft and drop 1 floor!
  5739 | D:7      | Found Myxo Ihi's Antique Weapon Emporium.
  5786 | D:7      | Reached XP level 9. HP: 69/72 MP: 14/14
  7224 | D:7      | Bought a scorched dagger for 126 gold pieces
  7224 | D:7      | Identified the +3 dagger of Turmoil {venom, rPois} (You
                  | bought it in a shop on level 7 of the Dungeon)
  7249 | D:7      | Reached skill level 5 in Invocations
  8130 | D:8      | Reached XP level 10. HP: 77/80 MP: 15/17
  8181 | D:8      | Reached skill level 5 in Short Blades
  8181 | D:8      | Reached skill level 5 in Long Blades
  8181 | D:8      | Reached skill level 5 in Maces & Flails
  8181 | D:8      | Reached skill level 5 in Polearms
  8181 | D:8      | Reached skill level 5 in Staves
  8181 | D:8      | Reached skill level 5 in Slings
  8181 | D:8      | Reached skill level 5 in Bows
  8181 | D:8      | Reached skill level 5 in Crossbows
  8181 | D:8      | Reached skill level 5 in Throwing
  8181 | D:8      | Reached skill level 5 in Dodging
  8181 | D:8      | Reached skill level 5 in Stealth
  8181 | D:8      | Reached skill level 5 in Unarmed Combat
  8181 | D:8      | Reached skill level 5 in Spellcasting
  8181 | D:8      | Reached skill level 5 in Evocations
  8866 | D:8      | Reached *** piety under the Shining One
  8908 | D:8      | Noticed a two-headed ogre
  8918 | D:8      | Killed a two-headed ogre
  9861 | D:10     | Entered Level 10 of the Dungeon
  9905 | D:10     | Found a staircase to the Lair.
  9905 | D:10     | Noticed an elephant
 10327 | D:10     | Reached XP level 11. HP: 83/87 MP: 17/19
 10338 | D:10     | Learned a level 3 spell: Mephitic Cloud
 10546 | D:10     | Found a blossoming altar of Fedhas.
 10633 | D:10     | Reached skill level 5 in Conjurations
 10633 | D:10     | Reached skill level 5 in Hexes
 10633 | D:10     | Reached skill level 5 in Summonings
 10633 | D:10     | Reached skill level 5 in Necromancy
 10633 | D:10     | Reached skill level 5 in Translocations
 10633 | D:10     | Reached skill level 5 in Transmutations
 10633 | D:10     | Reached skill level 5 in Fire Magic
 10633 | D:10     | Reached skill level 5 in Ice Magic
 10633 | D:10     | Reached skill level 5 in Air Magic
 10633 | D:10     | Reached skill level 5 in Earth Magic
 10633 | D:10     | Reached skill level 5 in Poison Magic
 10716 | D:11     | Noticed Maurice
 10719 | D:11     | Noticed Urug
 10734 | Lair:1   | Entered Level 1 of the Lair of Beasts
 10822 | Lair:1   | Found the +8 Vampire's Tooth {vamp}
 11701 | D:11     | Noticed a boulder beetle
 11725 | D:11     | Killed a boulder beetle
 11905 | D:11     | Killed Urug
 12245 | D:11     | Noticed a centaur warrior
 12592 | D:11     | Noticed a cyclops
 12715 | D:11     | Killed a cyclops
 12802 | D:11     | Killed Maurice
 12858 | D:11     | Killed a centaur warrior
 12977 | D:11     | Noticed a centaur warrior
 12996 | D:11     | Reached XP level 12. HP: 96/96 MP: 22/22
 13014 | D:11     | Killed a centaur warrior
 13078 | D:11     | Noticed Nergalle
 13078 | D:11     | Reached **** piety under the Shining One
 13080 | D:11     | Noticed Harold
 13100 | D:11     | Killed Nergalle
 13113 | D:11     | Killed Harold
 13362 | D:11     | Noticed Grum
 13777 | D:11     | Killed Grum
 14263 | D:12     | Found a gate leading to a gauntlet.
 14367 | Gauntlet | Entered a Gauntlet
 14367 | Gauntlet | Found a transporter.
 14367 | Gauntlet | Found a transporter.
 14368 | Gauntlet | Found a runed translucent door.
 14374 | Gauntlet | Found a transporter.
 14377 | Gauntlet | Found a transporter.
 14380 | Gauntlet | Found a transporter.
 14380 | Gauntlet | Found a transporter.
 14401 | Gauntlet | Noticed a death scarab
 14405 | Gauntlet | Found a transporter.
 14409 | Gauntlet | Noticed a death scarab
 14409 | Gauntlet | Noticed a death scarab
 14449 | Gauntlet | Found a transporter.
 14451 | Gauntlet | Found a transporter.
 14451 | Gauntlet | Found a transporter.
 14464 | Gauntlet | Noticed a thrashing horror
 14469 | Gauntlet | Noticed a thrashing horror
 14471 | Gauntlet | Found a transporter.
 14486 | Gauntlet | Found a runed translucent door.
 14488 | Gauntlet | Found a transporter.
 14490 | Gauntlet | Found a runed translucent door.
 14498 | Gauntlet | Found a transporter.
 14503 | Gauntlet | Found a transporter.
 14503 | Gauntlet | Noticed a ghost crab
 14676 | Gauntlet | Identified the amulet of Ocwiupt {Acrobat -Tele rPois rF+
                  | Str+3 Int+3}
 14687 | Gauntlet | Killed a death scarab
 14761 | Gauntlet | Killed a death scarab
 14762 | Gauntlet | Reached skill level 10 in Fighting
 14762 | Gauntlet | Reached skill level 10 in Armour
 14762 | Gauntlet | Reached skill level 10 in Shields
 14763 | Gauntlet | Killed a death scarab
 14813 | Gauntlet | Identified the ring "Heist" {*Slow Fly rPois Int+2}
 14843 | Gauntlet | Killed a ghost crab
 14849 | Gauntlet | Identified the ring "Xufu" {MP+9 Stlth+}
 14975 | Gauntlet | Noticed a minotaur
 15004 | Gauntlet | HP: 4/145 [minotaur (13)]
 15005 | Gauntlet | Succumbed to a minotaur's poison

Illustrated notes

Levels and vault maps discovered:
D:1:      tarquinn_simple_flora_water_c, layout_basic,
          hellmonk_ecumenical_altar_pennies_from_heaven,
          minmay_misc_feat_secret_circle, corexii_hall_statues_deadend,
          st_stairs_8, columned_hall_lemuel, hex_intersection, minivault_19
D:2:      layout_basic
D:3:      layout_loops_corners, minmay_cut_off
D:4:      layout_basic, uniq_sigmund
D:5:      layout_cave_pods, overflow_temple_1_default,
          minmay_temple_entry_arrows, uniq_ijyb, uniq_duvessa
D:6:      layout_cave_pools, ebering_ghost_inner_flame
D:7:      layout_layer_cave, serial_shops, nicolae_shop_waterfront
D:8:      layout_cave_pools
D:9:      layout_roguey, minivault_16
D:10:     layout_loops_ring, fedhas_altar_2, david_lair_generic,
          kennysheep_potato
D:11:     layout_loops_cross, chequers_serial_rivers_small_b, kb_rosetta,
          uniq_urug, uniq_harold, uniq_nergalle, uniq_grum, uniq_maurice
D:12:     layout_irregular_city, minmay_orc_entry_temple_small,
          gauntlet_entry_generic, portal_ice_cave_entry_ice_simulacra,
          minmay_three_doors
Lair:1:   layout_roguey, serial_bayou_lagoon_a
Gauntlet: gammafunk_gauntlet_mixed_choke_point [minmay_gauntlet_arena_77_path,
          minmay_gauntlet_arena_77_squiggly,
          minmay_gauntlet_arena_77_double_cross, gammafunk_gauntlet_arena_teeth,
          minmay_gauntlet_arena_77_block_sizes,
          minmay_gauntlet_arena_77_shame_cube,
          minmay_gauntlet_arena_77_two_lines, dreamdust_gauntlet_exit_labyrinth]

Skill      XL: |  1  2  3  4  5  6  7  8  9 10 11 12 |
---------------+-------------------------------------+-----
Invocations    | 1 2 3 4 5 6 7 8 |  8.3
Short Blades   | 1 2 3 4 5 6 7 |  7.6
Long Blades    | 1 2 3 4 5 6 7 |  7.6
Maces & Flails | 1 2 3 4 5 6 7 |  7.6
Polearms       | 1 2 3 4 5 6 7 |  7.6
Staves         | 1 2 3 4 5 6 7 |  7.6
Slings         | 1 2 3 4 5 6 7 |  7.6
Bows           | 1 2 3 4 5 6 7 |  7.6
Crossbows      | 1 2 3 4 5 6 7 |  7.6
Throwing       | 1 2 3 4 5 6 7 |  7.6
Dodging        | 1 2 3 4 5 6 7 |  7.6
Stealth        | 1 2 3 4 5 6 7 |  7.6
Unarmed Combat | 1 2 3 4 5 6 7 |  7.6
Spellcasting   | 1 2 3 4 5 6 7 |  7.6
Evocations     | 1 2 3 4 5 6 7 |  7.6
Conjurations   | 1 2 3 4 5 6 |  6.3
Hexes          | 1 2 3 4 5 6 |  6.3
Summonings     | 1 2 3 4 5 6 |  6.3
Necromancy     | 1 2 3 4 5 6 |  6.3
Translocations | 1 2 3 4 5 6 |  6.3
Transmutations | 1 2 3 4 5 6 |  6.3
Fire Magic     | 1 2 3 4 5 6 |  6.3
Ice Magic      | 1 2 3 4 5 6 |  6.3
Air Magic      | 1 2 3 4 5 6 |  6.3
Earth Magic    | 1 2 3 4 5 6 |  6.3
Poison Magic   | 1 2 3 4 5 6 |  6.3
Axes           | 5 6 7 8 |  8.9
Fighting       | 7 8 9 10 | 10.1
Armour         | 7 8 9 10 | 10.1
Shields        | 7 8 9 10 | 10.1

Action                   |  1- 3 |  4- 6 |  7- 9 | 10-12 || total
-------------------------+-------+-------+-------+-------++-------
Melee: War axe           |    67 |    83 |    83 |       ||   233
       Bite              |     1 |     8 |    23 |    84 ||   116
       Long sword        |       |       |    37 |       ||    37
       Rapier            |       |       |   147 |   567 ||   714
       Unarmed           |       |       |       |     5 ||     5
       Broad axe         |       |       |       |    40 ||    40
Throw: Stone             |       |       |       |     1 ||     1
 Cast: Magic Dart        |       |       |     3 |     8 ||    11
       Mephitic Cloud    |       |       |       |     3 ||     3
Invok: Divine Shield     |       |       |     2 |     6 ||     8
       Cleansing Flame   |       |       |       |     1 ||     1
  Use: Potion            |       |     1 |       |     8 ||     9
       Scroll            |       |       |    13 |     9 ||    22
Armor: Scale mail        |     4 |       |       |       ||     4
       Ring mail         |    18 |    21 |    96 |   194 ||   329
Dodge: Dodged            |    45 |    48 |   184 |   387 ||   664
Block: Buckler           |    17 |    20 |    73 |   222 ||   332

Table legend: (Time is in decaauts)
 A = Elapsed time spent in this place.
 B = Non-inter-level travel time spent in this place.
 C = Inter-level travel time spent in this place.
 D = Time resting spent in this place.
 E = Time spent auto-exploring this place.
 F = Levels seen in this place.
 G = Mean time per level.
                   A        B        C        D        E       F      G
               +--------+--------+--------+--------+--------+-----+--------+
         Total |  15043 |  14395 |    648 |   2764 |   8533 |  14 | 1074.5 |
       Dungeon |  13555 |  12944 |    611 |   2592 |   7854 |  12 | 1129.6 |
          Lair |    847 |    810 |     37 |      0 |    679 |   1 |  847.0 |
      Gauntlet |    641 |    641 |      0 |    172 |      0 |   1 |  641.0 |
               +--------+--------+--------+--------+--------+-----+--------+

Top non-repeatable levels by time:
    D:11: 2232 daAuts
     D:7: 1663 daAuts
     D:4: 1415 daAuts
     D:3: 1260 daAuts
    D:10: 1102 daAuts
     D:2: 1092 daAuts
     D:5: 1082 daAuts
     D:8: 979 daAuts
     D:1: 902 daAuts
  Lair:1: 847 daAuts
     D:9: 812 daAuts
     D:6: 758 daAuts
Gauntlet: 641 daAuts
    D:12: 254 daAuts
